 Dungeon Crawl Stone Soup version 0.29-a0-817-g9904bce7a6 (webtiles) character file.

Game seed: 18026139162796834358

41 diecastcamel the Twirler (level 3, -10/31 HPs)
             Began as a Gnoll Wanderer on July 5, 2022.
             Mangled by Terence
             ... wielding a +1 hand axe of electrocution
              (19 damage)
             ... on level 2 of the Dungeon.
             The game lasted 00:07:03 (1342 turns).

diecastcamel the Twirler (Gnoll Wanderer)           Turns: 1342, Time: 00:07:04

Health: -10/31     AC:  9    Str:  9    XL:     3   Next: 52%
Magic:  7/7        EV:  5    Int:  8    God:
Gold:   84         SH:  0    Dex: 18    Spells: 7/7 levels left

rFire   . . .      SeeInvis .   a - +2 quarterstaff (vorpal)
rCold   . . .      Faith    .   (shield currently unavailable)
rNeg    . . .      Spirit   .   h - +0 chain mail
rPois   .          Reflect  .   (no helmet)
rElec   .          Harm     .   (no cloak)
rCorr   .          Rampage  .   (no gloves)
Will    .....                   (no boots)
Stlth   ..........              (no amulet)
HPRegen 0.10/turn               (no ring)
MPRegen 0.10/turn               (no ring)

@: weak-willed
A: fangs 1, strong nose, distributed training
a: no special abilities


You were on level 2 of the Dungeon.
You visited 1 branch of the dungeon, and saw 2 of its levels.

You collected 84 gold pieces.

Inventory:

Hand Weapons
 a - a +2 vorpal quarterstaff (weapon)
 e - a +1 dagger of draining
Missiles
 g - 17 stones (quivered)
Armour
 h - a +0 chain mail (worn)
Scrolls
 k - a scroll of identify {unknown}
Potions
 b - a potion of attraction
 c - a potion of curing
 f - a potion of invisibility {unknown}


   Skills:
 + Level 4.5 Fighting
 + Level 0.9 Short Blades
 + Level 0.9 Long Blades
 + Level 0.9 Axes
 + Level 0.9 Maces & Flails
 + Level 0.9 Polearms
 + Level 6.5 Staves
 + Level 0.9 Ranged Weapons
 + Level 0.9 Throwing
 + Level 4.5 Armour
 + Level 2.6 Dodging
 + Level 2.4 Stealth
 + Level 0.9 Shields
 + Level 0.9 Unarmed Combat
 + Level 2.8 Spellcasting
 + Level 0.6 Conjurations
 + Level 0.6 Hexes
 + Level 0.6 Summonings
 + Level 0.6 Necromancy
 + Level 0.6 Translocations
 + Level 0.6 Transmutations
 + Level 0.6 Fire Magic
 + Level 0.6 Ice Magic
 + Level 0.6 Air Magic
 + Level 0.6 Earth Magic
 + Level 0.6 Poison Magic
 + Level 1.0 Invocations
 + Level 0.9 Evocations


You had 7 spell levels left.
You didn't know any spells.
Your spell library contained the following spells:

 Spells                   Type           Power      Damage    Failure   Level
 Foxfire                  Conj/Fire      8%         2x1d4     100%        1
 Conjure Flame            Conj/Fire      2%         6-21      100%        3
 Inner Flame              Hex/Fire       2%         N/A       100%        3
 Flame Wave               Conj/Fire      2%         2d4       100%        4


Dungeon Overview and Level Annotations

Branches:
Dungeon (2/15)

Altars:

Shops:
D:2 (

Annotations:
D:2 Terence


Innate Abilities, Weirdness & Mutations

You have very sharp teeth.
Your uncanny sense of smell can sniff out nearby items.
Your experience applies equally to all skills.


Message History

Terence hits you but does no damage.
You hit Terence but do no damage. The bat hits you but does no damage.
Terence hits you but does no damage.
You hit Terence.
Terence is moderately wounded.
The bat hits you but does no damage. Terence shouts, "Now you die!"
Terence hits you but does no damage.
You hit Terence but do no damage.
Terence is moderately wounded.
The bat hits you but does no damage. Terence completely misses you.
You hit Terence but do no damage.
Terence is moderately wounded.
The bat hits you. Terence hits you but does no damage.
You hit Terence. You bite Terence, but do no damage.
Terence is heavily wounded.
The bat hits you but does no damage.
Terence hits you with a +1 hand axe of electrocution.
You are electrocuted!
The frilled lizard bites you. The bat hits you but does no damage.
You are too injured to fight recklessly!
You are too injured to fight recklessly!
As you read the scroll labelled HEYPEULOGG, it crumbles to dust.
It is a scroll of enchant weapon.
Your +1 vorpal quarterstaff glows red for a moment.
The bat hits you but does no damage. Terence looks scornfully at you.
Terence hits you with a +1 hand axe of electrocution.
The frilled lizard bites you.
* * * LOW HITPOINT WARNING * * *
As you read the scroll labelled HIOQUL HAN, it crumbles to dust.
Magic quickly surges around you.
It was a scroll of vulnerability.
The bat barely misses you. Terence barely misses you.
The frilled lizard bites you but does no damage.
As you read the scroll labelled DUWAZX PECLOIP, it crumbles to dust.
The scroll dissolves into smoke.
It was a scroll of fog.
The bat hits you but does no damage. Terence hits you but does no damage.
You are electrocuted!!
Ouch! That really hurt!
You die...

∆ ## ######
#?####.#.## ...#....#
#..#...... #.#....#
........## ......#
#.........
#..§.#∆#####.........
#.§§§# ...!....#.....
#.§b@#### #......####
###§l@§.###.#.$<.....
#§§§§.##..)###.####
#.....#..†..#.$#
#.........l....####
##.......∩....>....
#####!......#.####
##..)..##..? ##...##
##.#


You could see Terence (weak-willed), a bat (weak-willed) and a frilled lizard
(weak-willed).

Vanquished Creatures
  An adder (D:2)
  A dart slug (D:2)
  An orc (D:2)
  2 bats (D:1)
  3 endoplasms (D:1)
  2 giant cockroaches
  4 goblins (D:1)
  3 hobgoblins (D:1)
  A quokka (D:1)
  3 ball pythons (D:1)
  4 frilled lizards (D:1)
  4 rats (D:1)
29 creatures vanquished.

Notes
Turn   | Place    | Note
-------+----------+-------------------------------------------
     0 | D:1      | diecastcamel the Gnoll Wanderer began the quest for the
                  | Orb.
     0 | D:1      | diecastcamel set off with the following items: a +1 vorpal
                  | quarterstaff, a potion of attraction, a potion of curing, a
                  | +0 robe.
     0 | D:1      | Reached XP level 1. HP: 20/20 MP: 4/4
   318 | D:1      | Reached XP level 2. HP: 26/26 MP: 5/5
  1021 | D:1      | Reached XP level 3. HP: 31/31 MP: 7/7
  1293 | D:2      | Found Zazetz's Weapon Shop.
  1301 | D:2      | Reached skill level 1 in Invocations
  1317 | D:2      | Noticed Terence
  1342 | D:2      | Mangled by Terence

Illustrated notes

Levels and vault maps discovered:
D:1:      dpeg_arrival_refuge, layout_loops_corners, fountainhead,
          minmay_split_cup_large
D:2:      layout_basic, serial_shops, shop, nicolae_shop_hallway_plus,
          shop_statue, nicolae_shop_bloodbath_and_beyond, shop,
          nrook_mini_vaults, uniq_natasha, uniq_terence

Skill      XL: |  1  2  3 |
---------------+----------+-----
Invocations    | 1 |  1.0
Fighting       | |  4.5
Short Blades   | |  0.9
Long Blades    | |  0.9
Axes           | |  0.9
Maces & Flails | |  0.9
Polearms       | |  0.9
Staves         | |  6.5
Ranged Weapons | |  0.9
Throwing       | |  0.9
Armour         | |  4.5
Dodging        | |  2.6
Stealth        | |  2.4
Shields        | |  0.9
Unarmed Combat | |  0.9
Spellcasting   | |  2.8
Conjurations   | |  0.6
Hexes          | |  0.6
Summonings     | |  0.6
Necromancy     | |  0.6
Translocations | |  0.6
Transmutations | |  0.6
Fire Magic     | |  0.6
Ice Magic      | |  0.6
Air Magic      | |  0.6
Earth Magic    | |  0.6
Poison Magic   | |  0.6
Evocations     | |  0.9

Action                   || total
-------------------------++-------
Melee: Quarterstaff      ||    77
       Bite              ||    13
  Use: Scroll            ||     3
 Stab: Sleeping          ||     5
Armor: Robe              ||     2
       Leather armour    ||     9
       Chain mail        ||    21
Dodge: Dodged            ||    41

Table legend: (Time is in decaauts)
 A = Elapsed time spent in this place.
 B = Non-inter-level travel time spent in this place.
 C = Inter-level travel time spent in this place.
 D = Time resting spent in this place.
 E = Time spent auto-exploring this place.
 F = Levels seen in this place.
 G = Mean time per level.
                   A        B        C        D        E       F      G
               +--------+--------+--------+--------+--------+-----+--------+
         Total |   1340 |   1289 |     51 |     89 |    912 |   2 |  670.0 |
       Dungeon |   1340 |   1289 |     51 |     89 |    912 |   2 |  670.0 |
               +--------+--------+--------+--------+--------+-----+--------+

Top non-repeatable levels by time:
     D:1: 1290 daAuts
     D:2: 50 daAuts
